 Dungeon Crawl Stone Soup version 0.31-a0-1074-g0b22e4e0f1 (webtiles) character file.

Game seed: 17635627865389749358

255 bmb222 the Ruffian (level 6, -6/38 HPs)
             Began as an Octopode Shapeshifter on Nov 28, 2023.
             Mangled by a gnoll
             ... wielding a +0 spear
             ... led by a gnoll bouda
              (7 damage)
             ... on level 4 of the Dungeon.
             The game lasted 00:03:16 (3298 turns).

bmb222 the Ruffian (Octopode Shapeshifter)          Turns: 3298, Time: 00:03:17

Health: -6/38      AC:  1    Str: 16    XL:     6   Next: 15%
Magic:  6/6        EV: 13    Int: 12    God:
Gold:   204        SH:  0    Dex: 11    Spells: 5/5 levels left

rFire   . .          .
                       - Unarmed
rCold   . . .        (no shield)
rNeg    . . .        (helmet currently unavailable)
rPois   .            (no amulet)
rElec   .            j - ring of flight
rCorr   .            (no ring)
SInv    .            (no ring)
Will    .....        (no ring)
Stlth   +++          (no ring)
HPRegen 0.26/turn    (no ring)
MPRegen 0.10/turn    (no ring)
                     (no ring)

%: no passive effects
@: beast-form, flying
A: beast (slay +1), almost no armour, amphibious, 8 rings, camouflage 1,
gelatinous body 1, (nimble swimmer 1), tentacles
a: Begin Untransformation


You were on level 4 of the Dungeon.
You were a hulking beast.
You visited 1 branch of the dungeon, and saw 4 of its levels.

You collected 204 gold pieces.

Inventory:

Missiles
 e - 2 boomerangs
Jewellery
 h - a ring of wizardry
 j - a ring of flight (left tentacle)
 p - an amulet of magic regeneration
Talismans
 b - a beast talisman
 c - a flux talisman
Scrolls
 a - a scroll of enchant armour {unknown}
 d - a scroll of amnesia {unknown}
 f - 2 scrolls of identify
 g - a scroll of noise {unknown}
 i - 3 scrolls of revelation {unknown}
 l - a scroll of vulnerability {unknown}
 m - a scroll of acquirement {unknown}
 n - a scroll of fog {unknown}
Potions
 k - a potion of brilliance {unknown}
 o - a potion of cancellation {unknown}


   Skills:
 * Level 1.4 Fighting
 + Level 2.4 Dodging
 * Level 4.3 Stealth
 * Level 5.2 Unarmed Combat
 + Level 3.4 Shapeshifting


You had 5 spell levels left.
You didn't know any spells.
Your spell library was empty.

Dungeon Overview and Level Annotations

Branches:
Dungeon (4/15)
 Temple: D:4-7

Altars:
Ashenzari
Elyvilon
Makhleb
Nemelex Xobeh
Xom
Yredelemnul

Shops:
D:2 :

Annotations:
D:3 3 runed translucent doors, Crazy Yiuf; Jeffwins's ghost, amateur AtCj


Innate Abilities, Weirdness & Mutations

You are a hulking beast.
Your limbs bulge with bestial killing power. (Slay +1)
You cannot wear most types of armour.
You are amphibious.
You can wear up to eight rings at the same time.
Your skin changes colour to match your surroundings (Stealth+).
Your rubbery body absorbs attacks. (AC +1, EV +1)
((You are camouflaged when in or above water. (Stealth+)))
You have tentacles for arms and can constrict up to eight enemies at once.


Message History

A gnoll comes into view. It is wielding a +0 whip.
The gnoll moves out of view.
Okay, then.
A gnoll comes into view. It is wielding a +0 spear.
A gnoll is nearby!
An adder comes into view.
The adder hisses angrily.
The gnoll shouts!
The gnoll misses you.
You hear a shout! x2
A gnoll bouda comes into view. It is wielding a +0 whip.
The gnoll hits you with a +0 spear!
The gnoll hits you from afar with a +0 spear.
The gnoll bouda barks out a call to the hunt!
The gnoll picks up the pace!
The adder bites you but does no damage.
The gnoll hits you from afar with a +0 spear!
The adder attacks as it pursues you! The adder barely misses you.
The gnoll attacks as it pursues you!
The gnoll hits you from afar with a +0 spear.
The adder barely misses you. The gnoll attacks as it pursues you!
The gnoll closely misses you. The gnoll misses you. The adder bites you.
The gnoll attacks as it pursues you! The gnoll misses you.
The adder attacks as it pursues you! The adder barely misses you.
The adder closely misses you.
You closely miss the adder. Your grab misses the adder.
Your tentacle-slap misses the adder.
The adder closely misses you.
The gnoll hits you from afar with a +0 spear!
* * * LOW HITPOINT WARNING * * *
The adder attacks as it pursues you! The adder barely misses you.
The adder attacks as it pursues you! The adder closely misses you.
The adder bites you.
* * * LOW HITPOINT WARNING * * *
The gnoll hits you from afar with a +0 spear.
* * * LOW HITPOINT WARNING * * *
There is an escape hatch in the ceiling, spattered with blood here.
The gnoll is no longer moving quickly.
The adder barely misses you.
The gnoll hits you from afar with a +0 spear!
You die...

#.......##.#......... #.#
#.####.....#.######## #.###
#.##########.###########....
#>..........................
############.#.......g......
######.#.############.
#......#.# #...)..#.#
#....hSg.# #......###
#......# #......# ##....##
#....# #....# #....# #....#


You could see a gnoll and an adder.

Vanquished Creatures
  A phantom (D:4)
  Jessica (D:3)
  An orc wizard (D:3)
  Robin (D:3)
  5 adders
  3 dart slugs
  9 orcs
  2 endoplasms
  4 giant cockroaches
  9 goblins
  10 hobgoblins
  4 quokkas
  A ball python (D:3)
  2 bats
  2 frilled lizards
  4 kobolds
  2 rats
61 creatures vanquished.

Notes
Turn   | Place    | Note
-------+----------+-------------------------------------------
     0 | D:1      | bmb222 the Octopode Shapeshifter began the quest for the
                  | Orb.
     0 | D:1      | Reached XP level 1. HP: 13/13 MP: 1/1
    26 | D:1      | Reached skill level 1 in Stealth
   284 | D:1      | Reached XP level 2. HP: 13/18 MP: 2/2
   916 | D:2      | Reached XP level 3. HP: 23/23 MP: 3/3
  1223 | D:2      | Found Tulexedi's Book Shoppe.
  1714 | D:3      | Found a shimmering altar of Xom.
  1776 | D:3      | Noticed Robin
  1781 | D:3      | Killed Robin
  1782 | D:3      | Reached XP level 4. HP: 9/28 MP: 4/4
  1786 | D:3      | Reached skill level 4 in Unarmed Combat
  1951 | D:3      | Found a runed translucent door.
  1952 | D:3      | Noticed Crazy Yiuf
  2086 | D:3      | Found a broken altar of Ashenzari.
  2115 | D:3      | Reached XP level 5. HP: 13/33 MP: 5/5
  2258 | D:3      | Noticed Jessica
  2263 | D:3      | Killed Jessica
  2282 | D:3      | Found a basalt altar of Yredelemnul.
  2418 | D:3      | Found a sparkling altar of Nemelex Xobeh.
  2571 | D:3      | Found a large runed translucent door.
  2571 | D:3      | Found a large runed translucent door.
  2575 | D:3      | Noticed Jeffwins's ghost (amateur AtCj)
  2625 | D:3      | Found a white marble altar of Elyvilon.
  2710 | D:3      | Found a burning altar of Makhleb.
  2811 | D:4      | Noticed a phantom
  2833 | D:4      | Killed a phantom
  2834 | D:4      | Reached skill level 5 in Unarmed Combat
  2834 | D:4      | Reached XP level 6. HP: 4/38 MP: 6/6
  3297 | D:4      | HP: 1/38 [gnoll/+0 spear[a gnoll bouda] (5)]
  3298 | D:4      | Mangled by a gnoll

Illustrated notes

Levels and vault maps discovered:
D:1:      elethiomel_arrival_quiet, layout_loops_corners, serial_glass,
          glass_columns_c, glass_columns_b, glass_columns_a, glass_columns_c,
          glass_columns_b, glass_columns_b, skrybe_limestone_x,
          chequers_serial_rivers_small_b, hangedman_decor_opposing
D:2:      layout_basic, serial_shops, nicolae_shop_real_fake_doors
D:3:      layout_loops_cross, kennysheep_ying_yang, lemuel_crystal_altar,
          xom_teletrap_fun, mainiacjoe_overflow_alcove_4,
          mainiacjoe_overflow_brackets, ebering_ghost_disaster_area,
          uniq_crazy_yiuf_cottage, uniq_robin, uniq_jessica
D:4:      layout_basic, mainiacjoe_overflow_surrounded_room

Skill      XL: |  1  2  3  4  5 |
---------------+----------------+-----
Stealth        | 1 2 3 4 |  4.3
Unarmed Combat | 4 5 |  5.2
Fighting       | |  1.4
Dodging        | |  2.4
Shapeshifting  | |  3.4

Action                     |  1- 3 |  4- 6 || total
---------------------------+-------+-------++-------
  Melee: Unarmed           |    50 |    68 ||   118
         Constrict         |    12 |    14 ||    26
         Tentacles         |     7 |     9 ||    16
         Punch             |     2 |     6 ||     8
    Use: Potion            |       |     3 ||     3
         Scroll            |       |     1 ||     1
   Stab: Sleeping          |     7 |     7 ||    14
         Distracted        |       |     1 ||     1
 Armour: Skin              |    18 |    54 ||    72
  Dodge: Dodged            |    21 |    44 ||    65

Table legend: (Time is in decaauts)
 A = Elapsed time spent in this place.
 B = Non-inter-level travel time spent in this place.
 C = Inter-level travel time spent in this place.
 D = Time resting spent in this place.
 E = Time spent auto-exploring this place.
 F = Levels seen in this place.
 G = Mean time per level.
                   A        B        C        D        E       F      G
               +--------+--------+--------+--------+--------+-----+--------+
         Total |   3288 |   3100 |    188 |    544 |   2158 |   4 |  822.0 |
       Dungeon |   3288 |   3100 |    188 |    544 |   2158 |   4 |  822.0 |
               +--------+--------+--------+--------+--------+-----+--------+

Top non-repeatable levels by time:
     D:3: 1085 daAuts
     D:2: 878 daAuts
     D:1: 831 daAuts
     D:4: 493 daAuts
